 Dungeon Crawl Stone Soup version 0.23.2-1-ga50397a6bc (webtiles) character file.

Game seed: 4116984831814946777

4116 Morbidden the Zephyrmancer (level 10, -2/87 HPs)
             Began as a Tengu Air Elementalist on Apr 26, 2019.
             Was an Elder of Okawaru.
             Slain by a bullfrog (7 damage)
             ... on level 8 of the Dungeon.
             The game lasted 00:25:42 (10516 turns).

Morbidden the Zephyrmancer (TeAE)                  Turns: 10516, Time: 00:25:43

Health: -2/87      AC:  5    Str: 18    XL:     10   Next: 26%
Magic:  14/20      EV: 17    Int: 18    God:    Okawaru [****..]
Gold:   157        SH:  4    Dex: 14    Spells: 13/21 levels left

rFire    + . .     SeeInvis .   A - +2 rapier (elec)
rCold    + + .     Gourm    .   B - +0 buckler of Tuceuph {rC+}
rNeg     + . .     Faith    .   j - +2 leather armour of Truth {rN+ Str+3 Stlth+}
rPois    +         Spirit   .   (helmet restricted)
rElec    +         Reflect  .   (no cloak)
rCorr    +         Harm     .   (no gloves)
MR       +....                  (boots unavailable)
Stlth    ..........             (no amulet)
HPRegen  0.24/turn              d - ring of protection from magic
MPRegen  0.17/turn              w - ring of poison resistance

@: berserking, resistant, flying quickly and evasively, very quick
A: beak, talons 3, able to fly
a: Stop Flying, Heroism, Renounce Religion


You were on level 8 of the Dungeon.
You worshipped Okawaru.
Okawaru was greatly pleased with you.
You were very full.

You visited 2 branches of the dungeon, and saw 9 of its levels.

You collected 480 gold pieces.
You spent 323 gold pieces at shops.

Inventory:

Hand Weapons
 A - a +2 rapier of electrocution (weapon)
Armour
 j - the +2 leather armour of Truth (worn) {rN+ Str+3 Stlth+}
   (You found it on level 1 of the Dungeon)

   It affects your strength (+3).
   It protects you from negative energy.
   It makes you more stealthy.
 B - the +0 buckler of Tuceuph (worn) {rC+}
   (You bought it in a shop on level 4 of the Dungeon)

   It protects you from cold.
Jewellery
 d - a ring of protection from magic (left hand)
 w - a ring of poison resistance (right hand)
Wands
 u - a wand of polymorph (6)
 z - a wand of iceblast (22)
Scrolls
 a - 8 scrolls of identify
 f - a scroll of amnesia
 g - 4 scrolls of magic mapping
 h - 2 scrolls of remove curse
 k - 2 scrolls of random uselessness {unknown}
 l - a scroll of enchant armour {unknown}
 m - 2 scrolls of teleportation
 p - a scroll of immolation {unknown}
 s - 2 scrolls of fog {unknown}
 y - 2 scrolls of blinking {unknown}
Potions
 b - 3 potions of brilliance
 i - a potion of flight
 n - a potion of might
 q - a potion of lignification
 r - a potion of resistance
 t - a potion of experience {unknown}
 v - a potion of heal wounds {unknown}
 x - a potion of mutation {unknown}
 C - a potion of degeneration {unknown}
 D - a potion of agility {unknown}
 E - a potion of haste {unknown}
Comestibles
 c - 19 rations


   Skills:
 * Level 4.5 Fighting
 + Level 2.7 Short Blades
 + Level 2.9 Armour
 * Level 5.6 Dodging
 + Level 2.4 Stealth
 * Level 2.3 Shields
 + Level 1.5 Unarmed Combat
 * Level 6.2 Spellcasting
 * Level 7.9 Conjurations
 + Level 1.5 Transmutations
 * Level 9.2 Air Magic
 * Level 3.1 Invocations


You had 13 spell levels left.
You knew the following spells:

 Your Spells              Type           Power        Failure   Level  Hunger
a - Shock                 Conj/Air       ####         1%          1    None
b - Airstrike             Air            #####.....   3%          4    ####...
c - Spider Form           Tmut/Pois      #.........   36%         3    ##.....

Your spell library contained the following spells:

 Spells                   Type           Power        Failure   Level  Hunger
 Static Discharge         Conj/Air       #####...     1%          3    ##.....
 Swiftness                Chrm/Air       ###.....     3%          2    None
 Throw Frost              Conj/Ice       ###...       4%          2    None
 Beastly Appendage        Tmut           ##....       9%          1    None
 Sticks to Snakes         Tmut           ##......     14%         2    None
 Lightning Bolt           Conj/Air       #####.....   14%         5    #####..
 Animate Skeleton         Necr           N/A          17%         1    None
 Apportation              Tloc           #.....       17%         1    None
 Confusing Touch          Hex            #.....       17%         1    None
 Freeze                   Ice            #...         17%         1    None
 Summon Small Mammal      Summ           #...         17%         1    None
 Throw Icicle             Conj/Ice       ###.....     32%         4    ####...
 Ozocubu's Armour         Chrm/Ice       #.......     45%         3    ##.....
 Ice Form                 Ice/Tmut       #.......     77%         4    ####...
 Summon Ice Beast         Ice/Summ       #.......     86%         4    ####...
 Blade Hands              Tmut           ##........   94%         5    #####..


Dungeon Overview and Level Annotations

Branches:
Dungeon (8/15)             Temple (1/1) D:5
   Lair: D:8-11

Altars:
Ashenzari
Cheibriados
Dithmenos
Elyvilon
Fedhas
Gozag
Hepliaklqana
Makhleb
Nemelex Xobeh
Okawaru
Qazlal
Ru
Sif Muna
Trog
Uskayaw
Vehumet
Wu Jian
Xom
Zin
The Shining One

Shops:
D:4 *

Annotations:
D:8 Prince Ribbit


Innate Abilities, Weirdness & Mutations

You have a beak for a mouth.
You have claws for feet.
You can fly continuously.


Message History

The killer bee barely misses you. The killer bee closely misses you.
The worker ant closely misses you. The killer bee closely misses you.
Unknown command.
Unknown command.
You impale the killer bee!!
You kill the killer bee!
Okawaru accepts your kill.
Your Invocations skill increases to level 3!
The killer bee closely misses you.
Unknown command.
You puncture the killer bee!
The killer bee is almost dead.
You block the killer bee's attack. The bullfrog closely misses you.
Unknown command.
You puncture the killer bee!
Lightning courses through the killer bee!!
You kill the killer bee!
Okawaru accepts your kill. The bullfrog hits you!
You die...

.......# .......#
......#
.####....#
.........####
....#.......#####
........†........
.......aF@.....#
#.......###.####
#....#..# #
........#
#...#...#
........###
........)>#
........#[#
.......##y#


You could see a bullfrog and a worker ant.

Vanquished Creatures
  Pikel (D:8)
  3 hogs (D:7)
  A yak (D:7)
  A human (D:7)
  A hungry ghost (D:8)
  Edmund (D:5)
  A black bear (D:7)
  3 ice beasts
  2 sky beasts
  An eye of draining (D:8)
  2 ogres
  3 centaurs
  3 bullfrogs
  4 wights (D:7)
  4 killer bees (D:8)
  A bullfrog zombie (D:7)
  2 jellies
  3 orc priests
  2 hounds
  5 orc wizards
  Ijyb (D:3)
  Natasha (thrice) (D:4)
  4 iguanas
  3 worker ants
  Terence (D:2)
  A killer bee zombie (D:6)
  2 hound skeletons
  12 adders
  12 gnolls
  4 shadow imps
  3 oozes
  2 worms (D:2)
  4 dart slugs
  5 leopard geckos
  18 orcs
  6 bats
  6 giant cockroaches
  6 goblins
  5 hobgoblins
  12 jackals
  4 kobolds
  5 quokkas
  2 ball pythons (D:5)
  5 frilled lizards
  A jackal skeleton (D:5)
  2 leopard gecko skeletons
  A quokka skeleton (D:7)
  3 rats
177 creatures vanquished.

Vanquished Creatures (others)
  A slave (D:8)
1 creature vanquished.

Grand Total: 178 creatures vanquished

Notes
Turn   | Place    | Note
-------+----------+-------------------------------------------
     0 | D:1      | Morbidden the Tengu Air Elementalist began the quest for
                  | the Orb.
     0 | D:1      | Reached XP level 1. HP: 10/10 MP: 4/4
   191 | D:1      | Reached XP level 2. HP: 15/15 MP: 3/6
   439 | D:1      | Reached XP level 3. HP: 20/20 MP: 3/7
  1033 | D:1      | Got a jewelled leather armour
  1045 | D:1      | Identified the +2 leather armour of Truth {rN+ Str+3
                  | Stlth+} (You found it on level 1 of the Dungeon)
  1151 | D:2      | Reached skill level 5 in Air Magic
  1327 | D:2      | Reached skill level 1 in Fighting
  1331 | D:2      | Reached XP level 4. HP: 25/25 MP: 2/8
  1446 | D:2      | Noticed Terence
  1463 | D:2      | Killed Terence
  1994 | D:2      | Gained mutation: You can fly continuously. [Tengu growth]
  1994 | D:2      | Reached XP level 5. HP: 24/29 MP: 0/9
  2301 | D:3      | Learned a level 4 spell: Airstrike
  2730 | D:3      | Noticed Ijyb
  2766 | D:3      | Killed Ijyb
  3448 | D:3      | Reached XP level 6. HP: 35/35 MP: 0/11
  3903 | D:4      | Noticed Natasha
  3910 | D:4      | Killed Natasha
  3964 | D:4      | Found Senetough's Assorted Antiques.
  4244 | D:4      | Reached skill level 6 in Air Magic
  4276 | D:4      | Found an opulent altar of Gozag.
  4372 | D:4      | Noticed Natasha
  4381 | D:4      | Killed Natasha
  4715 | D:4      | Noticed Natasha
  4718 | D:4      | Killed Natasha
  4718 | D:4      | Reached XP level 7. HP: 40/40 MP: 8/12
  4912 | D:4      | Found an ornate altar of the Wu Jian Council.
  4958 | D:5      | Entered Level 5 of the Dungeon
  5032 | D:5      | Reached skill level 1 in Unarmed Combat
  5179 | D:5      | Reached skill level 5 in Conjurations
  5229 | D:5      | Found a burning altar of Makhleb.
  5229 | D:5      | Found a snail-covered altar of Cheibriados.
  5280 | D:5      | Learned a level 3 spell: Spider Form
  5369 | D:5      | Found a staircase to the Ecumenical Temple.
  5524 | Temple   | Entered the Ecumenical Temple
  5611 | Temple   | Became a worshipper of Warmaster Okawaru
  5898 | D:5      | Noticed Edmund
  5931 | D:5      | Killed Edmund
  5931 | D:5      | Reached skill level 1 in Armour
  5931 | D:5      | Reached skill level 1 in Invocations
  6220 | D:5      | Reached XP level 8. HP: 46/46 MP: 7/14
  6683 | D:5      | Reached skill level 1 in Transmutations
  6715 | D:5      | Reached * piety under Okawaru
  6947 | D:6      | Reached skill level 7 in Air Magic
  8331 | D:6      | Reached XP level 9. HP: 51/51 MP: 11/17
  8341 | D:6      | Reached ** piety under Okawaru
  8658 | D:4      | Bought a brightly glowing buckler for 323 gold pieces
  8663 | D:4      | Identified the cursed +0 buckler of Tuceuph {rC+} (You
                  | bought it in a shop on level 4 of the Dungeon)
  8803 | D:7      | Reached skill level 5 in Spellcasting
  9131 | D:7      | Reached skill level 8 in Air Magic
  9168 | D:7      | Reached skill level 1 in Short Blades
  9180 | D:7      | Reached skill level 5 in Dodging
  9621 | D:7      | Reached skill level 1 in Shields
  9623 | D:7      | Reached *** piety under Okawaru
  9629 | D:7      | HP: 2/52 [yak (16)]
 10190 | D:8      | Reached XP level 10. HP: 57/57 MP: 0/19
 10260 | D:8      | Reached skill level 9 in Air Magic
 10472 | D:8      | Noticed Prince Ribbit
 10479 | D:8      | Noticed Pikel
 10499 | D:8      | Killed Pikel
 10509 | D:8      | HP: 2/58 [killer bee (3)]
 10514 | D:8      | Reached **** piety under Okawaru
 10516 | D:8      | Slain by a bullfrog

Skill      XL: |  1  2  3  4  5  6  7  8  9 10 |
---------------+-------------------------------+-----
Air Magic      | 5 6 7 8 9 |  9.2
Fighting       | 1 2 3 4 |  4.5
Conjurations   | 2 4 5 6 7 |  7.9
Dodging        | 3 4 5 |  5.6
Spellcasting   | 3 4 5 6 |  6.2
Unarmed Combat | 1 |  1.5
Armour         | 1 2 |  2.9
Invocations    | 1 2 3 |  3.1
Transmutations | 1 |  1.5
Short Blades   | 2 |  2.7
Shields        | 1 2 |  2.3
Stealth        | |  2.4

Action                   |  1- 3 |  4- 6 |  7- 9 | 10-12 || total
-------------------------+-------+-------+-------+-------++-------
Melee: Unarmed           |    11 |    64 |    89 |       ||   164
       Kick              |     2 |    13 |    25 |     9 ||    49
       Peck              |     1 |    16 |    10 |     6 ||    33
       Punch             |       |       |     1 |       ||     1
       Rapier            |       |       |    27 |    32 ||    59
 Cast: Shock             |    59 |   165 |   272 |     9 ||   505
       Airstrike         |       |       |     7 |     3 ||    10
Invok: Heroism           |       |       |       |     1 ||     1
 Abil: Fly               |       |     2 |       |       ||     2
       Stop Flying       |       |     1 |       |       ||     1
  Use: Scroll            |       |     1 |     7 |       ||     8
       Potion            |       |     5 |     5 |     3 ||    13
  Eat: Chunk             |     2 |     7 |    17 |       ||    26
       Ration            |       |     1 |       |     3 ||     4
Armor: Robe              |     3 |       |       |       ||     3
       Leather armour    |       |    12 |    29 |     6 ||    47
       Skin              |       |       |     2 |       ||     2
Dodge: Dodged            |     6 |    59 |   145 |    63 ||   273
Block: Buckler           |       |       |     8 |    13 ||    21
